 Dungeon Crawl Stone Soup version 0.19.0-11-g3fc08b3 (webtiles) character file.

63 Stormleaks the Sneak (level 3, 0/27 HPs)
             Began as a Demonspawn Assassin on Nov 8, 2016.
             Slain by an orc (5 damage)
             ... on level 3 of the Dungeon.
             The game lasted 00:10:00 (2365 turns).

Stormleaks the Sneak (Demonspawn Assassin)          Turns: 2365, Time: 00:10:02

Health: 0/27       AC:  3    Str: 11    XL:     3   Next: 89%
Magic:  3/3        EV: 12    Int: 12    God:    Xom [..*...]
Gold:   104        SH:  0    Dex: 15    Spells: 0 memorised, 2 levels left

rFire  . . .     SeeInvis .     a - +2 dagger
rCold  . . .     Gourm    .     c - +0 robe
rNeg   . . .     Faith    .     (no shield)
rPois  .         Spirit   .     (no helmet)
rElec  .         Reflect  .     d - +0 cloak
rCorr  .         Harm     .     (no gloves)
MR     .....                    (no boots)
Stlth  +++.......               (no amulet)
                                (no ring)
                                (no ring)

@: no status effects
A: rot immunity
a: Renounce Religion


You were on level 3 of the Dungeon.
You worshipped Xom.
You were a toy of Xom.
You were not hungry.

You visited 1 branch of the dungeon, and saw 3 of its levels.

You collected 104 gold pieces.

Inventory:

Hand Weapons
 a - a +2 dagger (weapon)
 b - a +0 blowgun
Missiles
 e - 8 poisoned needles
 f - 9 curare-tipped needles
Armour
 c - a +0 robe (worn)
 d - a +0 cloak (worn)
Jewellery
 j - an uncursed ring of see invisible {unknown}
Scrolls
 h - a scroll of remove curse {unknown}
 i - a scroll of identify {unknown}
 k - 3 scrolls of teleportation {unknown}
 m - a scroll of noise {unknown}
 o - a scroll of enchant armour {unknown}
Books
 n - a book of Minor Magic

   Spells                             Type                      Level
   a - Magic Dart                     Conjuration                  1
   b - Blink                          Translocation                2
   c - Call Imp                       Summoning                    2
   d - Repel Missiles                 Charms/Air                   2
   e - Slow                           Hexes                        2
   f - Conjure Flame                  Conjuration/Fire             3
   g - Mephitic Cloud                 Conjuration/Poison/Air       3
Comestibles
 g - a bread ration
 l - a meat ration


   Skills:
 + Level 2.2 Fighting
 + Level 2.4 Short Blades
 + Level 2.0 Throwing
 + Level 1.7 Dodging
 + Level 4.2 Stealth


You had 2 spell levels left.
You didn't know any spells.

Dungeon Overview and Level Annotations

Branches:
Dungeon (3/15)

Altars:
Fedhas
Xom
Yredelemnul


Innate Abilities, Weirdness & Mutations

You are immune to rotting.


Message History

You kill the orc!
Items here: ) ? [ † a hand axe; a leather armour; a scroll labeled WISOJOILONT; an orc corpse You barely miss the orc.
The orc shouts! x2
You barely miss the orc. The orc barely misses you.
You hit the orc.
The orc is moderately wounded.
The orc drinks a potion.
The orc goes berserk!
You hit the orc.
The orc is heavily wounded.
The orc barely misses you. The orc hits you.
You hit the orc.
The orc is severely wounded.
The orc hits you! The orc misses you. The orc hits you.
* * * LOW HITPOINT WARNING * * *
The orc rages.
The orc hits you.
You die...
Xom yawns loudly!

##.......# ####### ##..#####∩# ##
#.....# #..##8##♣.♣##8 #.....#
#.##...##.##.. #.....####
#.#_....∩.∩... ##........#####
##.##...##♣##..
..>....##.....#####..###8#######8
.#[....####.........######..##.##
.#.....# #....#@###.......###.##
.####### #.##..o.........#.....#
.## #.####o...##..........#
..#########.o...................#
#..)..(..........#..#.....(.....#
###..#...<..#######.......).....#
.................................
##.#..#####.###########..)#...#..
................########.#######.


You could see 2 orcs.

Vanquished Creatures
  An adder (D:3)
  A worm (D:3)
  2 dart slugs (D:1)
  4 orcs (D:3)
  2 giant cockroaches (D:1)
  2 goblins
  8 hobgoblins
  A quokka (D:3)
  6 bats
  7 frilled lizards
  5 kobolds
  5 rats
44 creatures vanquished.

Notes
Turn   | Place    | Note
-------+----------+-------------------------------------------
     0 | D:1      | Stormleaks the Demonspawn Assassin began the quest for the Orb.
     0 | D:1      | Reached XP level 1. HP: 16/16 MP: 1/1
   224 | D:1      | Reached skill level 1 in Dodging
   280 | D:1      | Gained mutation: You are immune to rotting. [demonic ancestry]
   280 | D:1      | Reached XP level 2. HP: 21/22 MP: 2/2
   630 | D:1      | Reached skill level 4 in Stealth
   785 | D:1      | Reached XP level 3. HP: 21/27 MP: 3/3
  1078 | D:2      | You fall through a shaft!
  1560 | D:3      | Found a basalt altar of Yredelemnul.
  2100 | D:3      | Found a blossoming altar of Fedhas.
  2100 | D:3      | Found a shimmering altar of Xom.
  2300 | D:3      | Became a worshipper of Xom of Malevolent Giggling
  2324 | D:3      | XOM: divination: detect items
  2344 | D:3      | XOM: divination: detect items
  2365 | D:3      | Slain by an orc

Skill      XL: |  1  2 |
---------------+-------+-----
Dodging        | 1 |  1.7
Throwing       | 2 |  2.0
Stealth        | 4 |  4.2
Short Blades   | 2 |  2.4
Fighting       | |  2.2

Action                   || total
-------------------------++-------
Melee: Dagger            ||   170
  Use: Potion            ||     2
 Stab: Sleeping          ||     8
  Eat: Bread ration      ||     1
Armor: Robe              ||    47
Dodge: Dodged            ||   106
